 Dungeon Crawl Stone Soup version 0.28-a0-998-gb9e9c7b67e (webtiles) character file.

Game seed: 5097798111156524313

1546932 Topotin the Archmage (level 27, 186/186 HPs)
             Began as a Deep Elf Fire Elementalist on Apr 12, 2021.
             Was the Champion of Vehumet.
             Escaped with the Orb
             ... and 3 runes on Dec 5, 2021!
             The game lasted 08:22:54 (87643 turns).

Topotin the Archmage (Deep Elf Fire Elementalist)  Turns: 87643, Time: 08:22:54

Health: 186/186    AC: 28    Str:  5    XL:     27
Magic:  62/65      EV: 18    Int: 37    God:    Vehumet [******]
Gold:   7975       SH: 18    Dex: 17    Spells: 26/80 levels left

rFire   + + +      SeeInvis .   a - staff of fire
rCold   + . .      Faith    .   Z - +5 kite shield {AC+3}
rNeg    . . .      Spirit   .   c - quicksilver dragon scales
rPois   +          Reflect  .   M - +0 helmet of the Beginning {Harm rF+ Dex+2}
rElec   +          Harm     +   x - +2 cloak {Will+}
rCorr   +          Rampage  .   L - +2 pair of gloves
Will    ++++.                   Y - +2 pair of boots
Stlth   +.........              r - amulet of Vitality {Regen+ HP+15}
HPRegen 1.21/turn               k - ring "Fegiq" {+Blink rC++ rCorr EV+4 Stlth-}
MPRegen 0.39/turn               y - ring of Viostrup {rElec rPois rF++ rC- MP+9}

@: studying 2 skills
A: clever 1
0: Orb of Zot
}: 3/15 runes: serpentine, barnacled, silver
a: Renounce Religion, Evoke Blink


You escaped.
You worshipped Vehumet.
Vehumet was exalted by your worship.
You visited 10 branches of the dungeon, and saw 49 of its levels.
You also visited: Trove, Ossuary, Bailey, Ice Cave, Volcano and Wizlab.

You collected 12152 gold pieces.
You spent 4177 gold pieces at shops.

Inventory:

Missiles
 A - 7 curare-tipped darts (quivered)
 T - 14 throwing nets
Armour
 c - quicksilver dragon scales (worn)
 j - a +2 robe of the Archmagi
 x - a +2 cloak of willpower (worn)
 B - a scarf of resistance
 L - a +2 pair of gloves (worn)
 M - the +0 helmet of the Beginning (worn) {Harm rF+ Dex+2}
   (You bought it in a shop on level 13 of the Dungeon)

   Dex:       It affects your dexterity (+2).
   rF:        It protects you from fire.
   Harm:      It increases damage dealt and taken.
 P - a +2 buckler of protection
 Y - a +2 pair of boots (worn)
 Z - a +5 kite shield of protection (worn)
Magical Staves
 a - a staff of fire (weapon)
 b - a staff of earth
Jewellery
 f - the ring "Gerraet" {Ice rN+ rCorr Str+2}
   (You found it in a treasure trove)

   [ring of ice]

   It enhances your ice magic.
   Str:       It affects your strength (+2).
   rF:        It makes you vulnerable to fire.
   rC:        It protects you from cold.
   rN:        It protects you from negative energy.
   rCorr:     It protects you from acid and corrosion.
 g - the amulet of Tuutuc {RegenMP rPois rF+}
   (You took it off a frost giant on level 5 of the Depths)

   [amulet of magic regeneration]

   It increases your rate of magic regeneration.
   rF:        It protects you from fire.
   rPois:     It protects you from poison.
 k - the ring "Fegiq" (left hand) {+Blink rC++ rCorr EV+4 Stlth-}
   (You bought it in a shop on level 13 of the Dungeon)

   [ring of evasion]

   EV:        It affects your evasion (+4).
   rC:        It greatly protects you from cold.
   +Blink:    It lets you blink.
   rCorr:     It protects you from acid and corrosion.
   Stlth:     It makes you less stealthy.
 m - a +6 ring of intelligence
 o - a +4 ring of evasion
 r - the amulet of Vitality (around neck) {Regen+ HP+15}
   (You found it on level 5 of the Vaults)

   [amulet of regeneration]

   HP:        It affects your health (+15).
   Regen:     It increases your rate of health regeneration.
 y - the ring of Viostrup (right hand) {rElec rPois rF++ rC- MP+9}
   (You took it off a vault sentinel on level 5 of the Vaults)

   [ring of magical power]

   rF:        It greatly protects you from fire.
   rC:        It makes you vulnerable to cold.
   rElec:     It insulates you from electricity.
   rPois:     It protects you from poison.
   MP:        It affects your magic capacity (+9).
 C - a ring of positive energy
 N - an amulet of magic regeneration
 U - a ring of see invisible
 X - a ring of positive energy
Wands
 d - a wand of digging (33)
 W - a wand of polymorph (24)
Scrolls
 e - a scroll of enchant armour
 h - a scroll of silence
 i - 9 scrolls of magic mapping
 n - 8 scrolls of fog
 p - 5 scrolls of amnesia
 q - a scroll of enchant weapon
 t - 3 scrolls of holy word
 D - 7 scrolls of blinking
 F - 2 scrolls of summoning
 J - 20 scrolls of teleportation
 V - 4 scrolls of fear
Potions
 l - 5 potions of invisibility
 s - 6 potions of brilliance
 u - 11 potions of haste
 v - 3 potions of ambrosia
 w - 2 potions of magic
 z - 5 potions of flight
 G - 6 potions of mutation
 H - 9 potions of lignification
 I - 6 potions of resistance
 O - 8 potions of cancellation
 R - 12 potions of heal wounds
 S - 19 potions of curing


   Skills:
 + Level 17.1 Fighting
 + Level 10.5 Armour
 - Level 15.0 Dodging
 - Level 2.4 Stealth
 + Level 12.4 Shields
 O Level 27 Spellcasting
 O Level 27 Conjurations
 O Level 27 Fire Magic
 + Level 13.9 Earth Magic


You had 26 spell levels left.
You knew the following spells:

 Your Spells              Type           Power      Damage    Failure   Level
a - Fire Storm            Conj/Fire      77%        8d19      1%          9
b - Ignition              Fire           77%        3d20      1%          8
c - Lehudib's Crystal Sp  Conj/Erth      58%        10d13     1%          8
d - Fireball              Conj/Fire      77%        3d29      0%          5
e - Iskenderun's Mystic   Conj/Tloc      99%        2d19      1%          4
f - Bolt of Magma         Conj/Fire/Erth 72%        4d28      0%          5
g - Sticky Flame          Conj/Fire      100%       2d11      0%          4
h - Iskenderun's Battles  Conj           100%       2d15      0%          5
i - Searing Ray           Conj           100%       2d8       0%          2
j - Conjure Flame         Conj/Fire      100%       6-21      0%          3
k - Foxfire               Conj/Fire      100%       2x1d9     0%          1

Your spell library contained the following spells:

 Spells                   Type           Power      Damage    Failure   Level
 Shatter                  Erth           50%        3d38*     78%         9
 Maxwell's Capacitive Co  Air            24%        ∞         100%        8
 Magic Dart               Conj           100%       1d8       0%          1
 Sandblast                Erth           100%       2d20      0%          1
 Shock                    Conj/Air       100%       1d9       0%          1
 Scorch                   Fire           100%       2d10      0%          2
 Static Discharge         Conj/Air       99%        N/A       0%          2
 Dazzling Flash           Conj/Hex       100%       N/A       0%          3
 Inner Flame              Hex/Fire       100%       N/A       0%          3
 Stone Arrow              Conj/Erth      100%       3d13      0%          3
 Flame Wave               Conj/Fire      100%       2d14      0%          4
 Starburst                Conj/Fire      77%        6d20      0%          6
 Orb of Destruction       Conj           64%        9d18      0%          7
 Animate Skeleton         Necr           98%        N/A       1%          1
 Apportation              Tloc           98%        N/A       1%          1
 Beastly Appendage        Tmut           98%        N/A       1%          1
 Corona                   Hex            49%        N/A       1%          1
 Pain                     Necr           100%       1d9       1%          1
 Slow                     Hex            100%       N/A       1%          1
 Sting                    Tmut/Pois      100%       1d8       1%          1
 Summon Small Mammal      Summ           100%       N/A       1%          1
 Passwall                 Tmut/Erth      65%        N/A       1%          2
 Ignite Poison            Fire/Tmut/Pois 100%       N/A       1%          3
 Mephitic Cloud           Conj/Pois/Air  86%        N/A       1%          3
 Animate Armour           Summ/Erth      100%       N/A       1%          4
 Fulminant Prism          Conj/Hex       49%        3d21      1%          4
 Hailstorm                Conj/Ice       99%        3d19      1%          4
 Leda's Liquefaction      Hex/Erth       39%        N/A       1%          4
 Petrify                  Tmut/Erth      79%        N/A       1%          4
 Freezing Cloud           Conj/Ice/Air   43%        6-21      1%          5
 Irradiate                Conj/Tmut      49%        3d30      1%          5
 Lee's Rapid Deconstruct  Erth           50%        3d25*     1%          5
 Lightning Bolt           Conj/Air       49%        1d70      1%          5
 Spellforged Servitor     Conj/Summ      49%        N/A       1%          7
 Blink                    Tloc           98%        N/A       2%          2
 Call Imp                 Summ           49%        N/A       2%          2
 Ensorcelled Hibernation  Hex/Ice        98%        N/A       2%          2
 Sublimation of Blood     Necr           49%        N/A       2%          2
 Wereblood                Tmut           49%        N/A       2%          2
 Airstrike                Air            24%        N/A       4%          4
 Olgreb's Toxic Radiance  Pois           49%        N/A       4%          4
 Call Canine Familiar     Summ           49%        N/A       5%          3
 Confusing Touch          Hex            49%        N/A       5%          3
 Lesser Beckoning         Tloc           49%        N/A       5%          3
 Ozocubu's Armour         Ice            49%        N/A       5%          3
 Portal Projectile        Hex/Tloc       98%        N/A       5%          3
 Spider Form              Tmut/Pois      49%        N/A       5%          3
 Summon Guardian Golem    Hex/Summ       49%        N/A       5%          3
 Swiftness                Air            49%        N/A       5%          3
 Tukima's Dance           Hex            49%        N/A       5%          3
 Vampiric Draining        Necr           49%        2d9       5%          3
 Yara's Violent Unravell  Hex/Tmut       24%        3d11      13%         5
 Statue Form              Tmut/Erth      52%        N/A       16%         6
 Animate Dead             Necr           24%        N/A       17%         4
 Cause Fear               Hex            24%        N/A       17%         4
 Passage of Golubria      Tloc           49%        N/A       17%         4
 Summon Ice Beast         Ice/Summ       49%        N/A       17%         4
 Summon Lightning Spire   Summ/Air       49%        N/A       17%         4
 Alistair's Intoxication  Tmut/Pois      32%        N/A       43%         5
 Blade Hands              Tmut           24%        N/A       43%         5
 Manifold Assault         Tloc           49%        N/A       43%         5
 Metabolic Englaciation   Hex/Ice        24%        N/A       43%         5
 Summon Forest            Summ/Tloc      24%        N/A       43%         5
 Summon Mana Viper        Hex/Summ       49%        N/A       43%         5
 Eringya's Noxious Bog    Tmut/Pois      24%        N/A       54%         6
 Chain Lightning          Conj/Air       49%        3d66      83%         9
 Simulacrum               Ice/Necr       24%        N/A       95%         6
 Ozocubu's Refrigeration  Ice            24%        4d9       96%         7
 Dragon Form              Tmut           24%        N/A       100%        7
 Haunt                    Necr/Summ      24%        N/A       100%        7
 Monstrous Menagerie      Summ           24%        N/A       100%        7
 Summon Hydra             Summ           24%        N/A       100%        7
 Infestation              Necr           24%        N/A       100%        8
 Dragon's Call            Summ           24%        N/A       100%        9
 Polar Vortex             Ice            24%        N/A       100%        9


Dungeon Overview and Level Annotations

Branches:
Dungeon (15/15)            Temple (1/1) D:5            Lair (6/6) D:8
 Shoals (4/4) Lair:2        Snake (4/4) Lair:3        Slime (0/5) Lair:6
    Orc (2/2) D:12            Elf (2/3) Orc:2        Vaults (5/5) D:13
  Crypt (0/3) Vaults:3     Depths (5/5) D:15            Zot (5/5) Depths:4
Ossuary (visited)          Bailey (visited)           IceCv (visited)
Volcano (visited)          WizLab (visited)

Altars:
Ashenzari
Cheibriados
Dithmenos
Elyvilon
Fedhas
Gozag
Hepliaklqana
Kikubaaqudgha
Makhleb
Nemelex Xobeh
Okawaru
Qazlal
Ru
Sif Muna
Trog
Uskayaw
Vehumet
Wu Jian
Xom
Yredelemnul
Zin
The Shining One
Beogh
Jiyva

Shops:
D:13 [[?[=   Orc:2 (*?(   Shoals:1 =   Vaults:1 [   Vaults:3 =   Vaults:4 *
Depths:1 (   Depths:4 *

Portals:
Hell: Depths:1 Depths:2 Depths:3 Depths:4 Depths:5
Abyss: Depths:3 Depths:5
Pandemonium: Depths:2
Ziggurat: Depths:5

Annotations:
D:4 3 runed translucent doors, semitonal's ghost, amateur BaHu
D:7 3 runed translucent doors, kilomeow's ghost, novice GnWz
D:8 3 runed translucent doors, Lugonue's ghost, novice DrBr
D:9 2 transporters, Lanoc's ghost, novice SpBe
D:13 2 transporters, Megustar's ghost, journeyman DEFE
D:15 3 runed translucent doors, EtherCrawl's ghost, adept KoEn
Lair:1 1 runed translucent door, hansi's ghost, journeyman MiBe
Lair:4 exclusion: downstairs
Lair:5 exclusion: downstairs
Shoals:1 6 transporters
Snake:3 2 transporters, exclusion: downstairs, Muaffaz's ghost, adept HOFi
Orc:1 exclusion: downstairs


Innate Abilities, Weirdness & Mutations

Your mind is acute. (Int +2)


Message History

You kill the hell hound!
Vehumet accepts your kill.
You feel your power returning.
The great blast of fire engulfs the hell hound!!!
The hell hound partially resists.
You kill the hell hound!
Vehumet accepts your kill.
You feel your power returning. Something bites your fire vortex!
A hell hound comes into view. x2
Aiming: Fire Storm (dangerous; 1% risk of failure)
Press: ? - help, Dir - move target, f - hell hound
Aim: a hell hound (flame, ally target)
You feel a surge of power!
A raging storm of fire appears!
The great blast of fire engulfs the hell hound!!
The hell hound partially resists.
You kill the hell hound!
Vehumet accepts your kill.
You feel your power returning.
The great blast of fire engulfs the hell hound!!!
The hell hound partially resists.
You kill the hell hound!
Vehumet accepts your kill.
You feel your power returning.
A hell hound comes into view.
The hell hound breathes flames at you.
The blast of flame hits your fire vortex.
Your fire vortex completely resists.
The blast of flame hits you but does no damage.
Aiming: Fire Storm (dangerous; 1% risk of failure)
Press: ? - help, Dir - move target You feel a surge of power!
A raging storm of fire appears!
The great blast of fire engulfs the hell hound!!
The hell hound partially resists.
You kill the hell hound!
Vehumet accepts your kill.
You swap places.
There is a staircase leading out of the dungeon here.
You can't go down here!
You have escaped!

.....##...# ######...........#...
..........###...#####....#.#.#...
####......##.....#.##......#.#.##
#.........#.........#.######.#.#.
..##...####..##.....#............
.........#..####...#########.#.##
.........#.## ##.#.# #.#...
.........#.# #...## ######.####
.#.......#.## #.@.# #..........
##.......#..###...# #......#...
..##....###..#..### #......#...
..##....# #.....# #......#...
..##....# #....## #.....###..
####.#######...## #.....# #..
...........#.#..## #.....# #..
...#.......#.##..# #.....###..
...#.......#..##.# #####......


There were no monsters in sight!

Vanquished Creatures
  4 dread liches
  Mennas (Depths:4)
  6 ancient liches
  6 orbs of fire
  Mara (Shoals:4)
  A pandemonium lord (Zot:3)
  2 juggernauts
  5 Killer Klowns (Zot:5)
  2 curse toes
  Xtahua (Vaults:2)
  Vashnia (Snake:4)
  15 caustic shrikes
  Nikola (Snake:4)
  9 golden dragons
  A bone dragon (Depths:4)
  3 electric golems
  3 liches
  2 walking crystal tomes
  Asterion (Depths:1)
  22 tentacled monstrosities
  28 Orb Guardians
  A deep elf blademaster (Elf:2)
  7 titans
  2 acid blobs (Depths:3)
  A walking divine tome (Depths:4)
  A walking earthen tome (Depths:2)
  Polyphemus (Shoals:2)
  17 quicksilver dragons
  9 death cobs
  10 sphinxes
  9 shadow dragons
  9 tengu reavers
  A thorn hunter (Depths:3)
  11 draconian monks
  20 storm dragons
  5 iron dragons
  An azure jelly (shapeshifter) (Depths:4)
  9 fire giants
  11 draconian knights
  6 nagarajas
  3 deep elf sorcerers
  Aizul (Snake:4)
  7 draconian shifters
  12 frost giants
  An orc warlord (Orc:1)
  A ghost moth (Zot:4)
  An angel (Zot:2)
  25 vault wardens
  13 draconian scorchers
  6 spriggan defenders (Depths:4)
  Louise (Snake:4)
  29 very ugly things
  22 stone giants
  2 reapers (IceCv)
  10 draconian stormcallers
  23 ironbound preservers
  3 war gargoyles
  10 draconian annihilators
  A demonspawn corrupter (D:14)
  3 deep elf demonologists
  3 vampire knights
  18 green draconians
  21 red draconians
  12 yellow draconians
  13 black draconians
  Azrael (Elf:2)
  31 purple draconians
  12 white draconians
  11 spark wasps
  8 boulder beetles
  17 dire elephants
  8 deep elf death magi
  2 entropy weavers
  Snorg (Orc:2)
  14 ettins
  4 merfolk javelineers
  9 statues (WizLab)
  12 two-headed ogres
  2 blizzard demons
  5 jiangshi
  6 merfolk impalers
  17 fire dragons
  4 rakshasas
  6 naga warriors
  4 deep elf high priests (Vaults:5)
  8 hydras
  A hydra (shapeshifter) (Depths:1)
  13 ironbound thunderhulks
  Harold (D:9)
  15 yaktaur captains
  3 salamander tyrants
  9 great orbs of eyes
  19 ice dragons
  7 catoblepae
  3 caustic shrike simulacra (IceCv)
  34 vault guards
  11 ironbound frosthearts
  4 ogre magi
  3 spriggan air magi (Depths:4)
  2 peacekeepers (Vaults:4)
  7 anacondas
  8 centaur warriors
  2 alligator snapping turtles (Shoals:4)
  3 merfolk aquamancers
  11 death yaks
  20 dancing weapons
  4 death knights
  2 two-headed ogres (shapeshifter)
  2 vampire magi
  12 deep troll shamans
  9 tengu warriors
  2 satyrs (Shoals:4)
  19 naga sharpshooters
  4 spriggans (Depths:4)
  11 shock serpents
  7 spriggan berserkers
  17 deep troll earth magi
  3 orc high priests (Orc:2)
  17 hell knights
  17 deep elf knights
  A shadow wraith (Vaults:3)
  A soul eater (D:12)
  11 sea snakes
  7 skeletal warriors
  A death drake (Depths:5)
  4 salamander mystics
  A fire crab (Volcano)
  6 iron trolls
  2 naga ritualists (Snake:2)
  6 glowing orange brains
  67 deep trolls
  Pikel (D:9)
  11 lindwurms
  A shadow demon (D:14)
  16 wizards
  4 flayed ghosts
  22 ironbound convokers
  6 deep elf archers
  3 obsidian statues
  27 harpies
  32 deep elf zephyrmancers
  6 phantasmal warriors
  14 deep elf pyromancers
  10 necromancers
  3 orc sorcerers (Orc:2)
  39 ugly things
  6 mana vipers
  14 manticores
  10 fauns
  16 salamanders
  8 orc knights
  4 oklob plants (Depths:3)
  7 cyclopes
  3 elephants (Lair:5)
  27 moths of wrath
  A stone giant skeleton (Depths:1)
  5 guardian serpents
  Joseph (D:9)
  12 merfolk sirens
  3 water nymphs
  29 vault sentinels
  14 cane toads
  20 black mambas
  An ice statue (Snake:2)
  A rust devil (D:5)
  A torpor snail (Lair:3)
  A cane toad (shapeshifter) (Vaults:3)
  17 naga magi
  7 komodo dragons
  An orange demon (Depths:4)
  2 rime drakes
  14 freezing wraiths
  4 centaur skeletons (D:13)
  A gargoyle (D:12)
  8 unseen horrors
  24 tengu conjurers
  An efreet (D:9)
  2 ice devils
  Maggie (D:8)
  A spriggan skeleton (Depths:1)
  2 polar bears
  3 meliai (D:15)
  33 yaktaurs
  2 entropy weaver simulacra (IceCv)
  31 merfolk
  2 golden dragon simulacra (IceCv)
  A queen bee (shapeshifter) (Depths:4)
  8 trolls
  7 hornets
  A shadow dragon simulacrum (Depths:1)
  19 blink frogs
  4 wind drakes
  48 slime creatures
  3 snapping turtles
  4 dream sheep (Shoals:2)
  A raiju (Snake:4)
  2 air elementals (Elf:2)
  Sigmund (D:6)
  2 shadows
  6 basilisks
  7 fire bats (Volcano)
  61 yaks
  4 fire elementals
  6 wraiths
  12 water elementals
  9 wyverns
  A steam dragon (Volcano)
  Grum (D:8)
  5 vampire mosquitoes
  4 chaos spawn
  A basilisk (shapeshifter) (Vaults:5)
  4 large abominations
  A harpy simulacrum (IceCv)
  A warg (Orc:1)
  54 nagas
  2 acid dragons
  17 water moccasins
  Duvessa (D:5)
  3 hydra simulacra (IceCv)
  11 hell hounds
  A floating eye (Depths:4)
  2 black bears
  A hornet zombie (D:6)
  An alligator simulacrum (IceCv)
  3 ettin simulacra (IceCv)
  A human skeleton (Depths:1)
  45 orc warriors
  3 necrophages
  3 sky beasts
  An ice beast (D:6)
  14 ogres
  10 boggarts
  12 wolves
  A phantom (D:4)
  16 centaurs
  2 lemures
  8 bullfrogs
  9 kobold brigands
  4 gnoll sergeants
  A wyvern zombie (D:7)
  2 scorpions (D:7)
  Dowan (D:5)
  A glowing shapeshifter simulacrum (Depths:1)
  2 earth elementals (Elf:2)
  8 small abominations (Depths:5)
  6 killer bees (D:9)
  6 wights
  7 howler monkeys
  3 electric eels (Lair:3)
  4 lava snakes (Lair:3)
  A centaur zombie (D:10)
  27 orc priests
  6 hounds
  11 jellies (Lair:6)
  Crazy Yiuf (D:5)
  2 bullfrog skeletons
  5 iguanas
  37 orc wizards
  A killer bee zombie (D:8)
  A hound zombie (Ossuary)
  A hound skeleton (D:5)
  2 howler monkey zombies (D:9)
  8 adders
  8 gnolls
  A river rat (D:5)
  A shadow imp (D:6)
  3 white imps
  2 dart slugs
  121 orcs
  5 endoplasms
  3 giant cockroaches
  2 gnoll zombies (Ossuary)
  10 goblins
  2 hobgoblins
  12 jackals
  13 kobolds
  A quokka (D:1)
  7 ball pythons
  4 bats
  5 frilled lizards
  3 goblin zombies (Ossuary)
  A hobgoblin zombie (Ossuary)
  An orc zombie (Ossuary)
  A quokka zombie (D:7)
  7 rats
  A rat zombie (D:7)
  A bush (Lair:6)
  2 fire vortices
  4 plants
2427 creatures vanquished.

Vanquished Creatures (collateral kills)
  Bai Suzhen (Depths:1)
  A caustic shrike (Depths:4)
  A titan (Vaults:5)
  A draconian monk (Depths:4)
  A draconian shifter (Zot:1)
  An ironbound preserver (Vaults:4)
  A draconian annihilator (Zot:4)
  A very ugly thing (Depths:2)
  A black draconian (Zot:2)
  A purple draconian (WizLab)
  A yellow draconian (Zot:2)
  A green draconian (Zot:1)
  A red draconian (Zot:3)
  A white draconian (Zot:5)
  2 moths of wrath
  An unseen horror (Depths:3)
  A slime creature (Vaults:4)
18 creatures vanquished.

Vanquished Creatures (others)
  A demonic crawler (D:10)
  A tengu conjurer (WizLab)
  A howler monkey zombie (D:9)
  A butterfly (D:5)
  668 fire vortices
  961 foxfires
  43 fungi
  190 plants
1866 creatures vanquished.

Grand Total: 4311 creatures vanquished

Notes
Turn   | Place    | Note
-------+----------+-------------------------------------------
     0 | D:1      | Topotin the Deep Elf Fire Elementalist began the quest for
                  | the Orb.
     0 | D:1      | Reached XP level 1. HP: 10/10 MP: 6/6
   349 | D:1      | Reached XP level 2. HP: 15/15 MP: 1/8
  1143 | D:2      | Reached XP level 3. HP: 19/19 MP: 3/9
  1798 | D:2      | Reached XP level 4. HP: 24/24 MP: 6/10
  3021 | D:3      | Reached XP level 5. HP: 28/28 MP: 2/12
  3678 | D:3      | Learned a level 3 spell: Conjure Flame
  4554 | D:4      | Learned a level 2 spell: Searing Ray
  4728 | D:4      | Noticed a phantom
  4732 | D:4      | Killed a phantom
  4733 | D:4      | Reached skill level 5 in Conjurations
  4733 | D:4      | Reached XP level 6. HP: 32/32 MP: 9/15
  4955 | D:4      | Found a runed translucent gate.
  4955 | D:4      | Found a runed translucent gate.
  4955 | D:4      | Found a runed translucent gate.
  4958 | D:4      | Noticed semitonal's ghost (amateur BaHu)
  5304 | D:5      | Entered Level 5 of the Dungeon
  5306 | D:5      | Noticed Duvessa
  5306 | D:5      | Noticed Dowan
  5319 | D:5      | Killed Duvessa
  5320 | D:5      | Reached skill level 5 in Spellcasting
  5421 | D:5      | Reached skill level 5 in Fire Magic
  5473 | D:5      | Found a staircase to the Ecumenical Temple.
  5473 | D:5      | Noticed a sky beast
  5491 | D:5      | Reached XP level 7. HP: 36/36 MP: 8/17
  5603 | Temple   | Entered the Ecumenical Temple
  5926 | D:5      | Found a runed translucent door.
  6290 | D:5      | Killed Dowan
  6291 | D:5      | Reached XP level 8. HP: 32/41 MP: 14/20
  6360 | D:5      | Learned a level 5 spell: Fireball
  6442 | D:5      | Found a white marble altar of Elyvilon.
  6552 | D:5      | Found an ancient bone altar of Kikubaaqudgha.
  6552 | D:5      | Found an opulent altar of Gozag.
  6559 | D:5      | Found a hide-covered altar of Uskayaw.
  6561 | D:5      | Found a shimmering blue altar of Sif Muna.
  6563 | D:5      | Found a radiant altar of Vehumet.
  6590 | D:5      | Became a worshipper of Vehumet
  6998 | D:5      | Noticed Crazy Yiuf
  7007 | D:5      | Killed Crazy Yiuf
  7333 | D:6      | Noticed Sigmund
  7350 | D:6      | Killed Sigmund
  8049 | D:6      | Reached XP level 9. HP: 45/45 MP: 12/24
  8689 | D:7      | Found a sand-covered staircase.
  8701 | Ossuary  | Entered an ossuary
  8708 | Ossuary  | Reached * piety under Vehumet
  8708 | Ossuary  | Offered knowledge of Freeze by Vehumet.
  9230 | D:7      | Found a runed translucent gate.
  9231 | D:7      | Found a runed translucent gate.
  9232 | D:7      | Found a runed translucent gate.
  9235 | D:7      | Noticed a kobold demonologist
  9235 | D:7      | Noticed kilomeow's ghost (novice GnWz)
  9382 | D:7      | Upgraded the game from 0.27-a0-965-gbf8bb431c4 to
                  | 0.27-a0-988-g25969acef8
  9472 | D:7      | Reached skill level 10 in Spellcasting
 10104 | D:7      | Identified the +3 halberd "Baviakk" {elec, Fragile rN+++
                  | Will- SInv}
 10269 | D:8      | Found a staircase to the Lair.
 10331 | D:8      | Noticed Grum
 10336 | D:8      | Killed Grum
 10341 | D:8      | Reached ** piety under Vehumet
 10342 | D:8      | Reached XP level 10. HP: 45/50 MP: 7/26
 10371 | D:8      | Offered knowledge of Shock by Vehumet.
 10536 | D:8      | Upgraded the game from 0.27-a0-988-g25969acef8 to
                  | 0.27-a0-1046-g98bf31544f
 10762 | D:8      | Noticed a two-headed ogre
 10769 | D:8      | Killed a two-headed ogre
 10770 | D:8      | Reached skill level 10 in Conjurations
 10779 | D:8      | Reached skill level 10 in Fire Magic
 10973 | D:8      | Found a bloodstained altar of Trog.
 11183 | D:8      | Found a runed translucent gate.
 11183 | D:8      | Found a runed translucent gate.
 11183 | D:8      | Noticed Lugonue's ghost (novice DrBr)
 11184 | D:8      | Found a runed translucent gate.
 11430 | D:8      | Noticed Maggie
 11528 | D:8      | Killed Maggie
 11860 | D:8      | Found a viscous altar of Jiyva.
 11872 | D:8      | Learned a level 4 spell: Iskenderun's Mystic Blast
 11912 | D:9      | Noticed Harold
 11964 | D:9      | Identified the Almanac of Confrontation and Contamination
 11977 | D:9      | Learned a level 5 spell: Bolt of Magma
 12015 | D:9      | Noticed a boulder beetle
 12021 | D:10     | Entered Level 10 of the Dungeon
 12446 | D:10     | Reached skill level 1 in Earth Magic
 12459 | D:10     | Reached skill level 1 in Fighting
 12602 | D:10     | Noticed a two-headed ogre
 12607 | D:10     | Killed a two-headed ogre
 12608 | D:10     | Reached XP level 11. HP: 56/56 MP: 12/29
 12785 | D:9      | Offered knowledge of Ignite Poison by Vehumet.
 13127 | D:10     | Learned a level 4 spell: Sticky Flame
 13152 | D:10     | You fall into a shaft and drop 3 floors!
 13152 | D:13     | Found Gonwenle's Antique Armour Shop.
 13157 | D:13     | Bought a spiked helmet for 237 gold pieces
 13157 | D:13     | Identified the +0 helmet of the Beginning {Harm rF+ Dex+2}
                  | (You bought it in a shop on level 13 of the Dungeon)
 13263 | D:13     | Noticed a catoblepas
 13267 | D:13     | Noticed a boulder beetle
 13357 | D:12     | Noticed a brown ugly thing
 13358 | D:12     | Noticed a two-headed ogre
 13359 | D:12     | Killed a brown ugly thing
 13360 | D:12     | Killed a two-headed ogre
 13684 | D:11     | Noticed a two-headed ogre
 13684 | D:11     | Noticed a boulder beetle
 13772 | D:11     | Found a flagged portal.
 13774 | D:11     | Reached *** piety under Vehumet
 13804 | D:11     | Noticed a boulder beetle
 13810 | D:11     | Killed a boulder beetle
 13934 | Bailey   | Entered a bailey
 14210 | Bailey   | Noticed an orc knight
 14217 | Bailey   | Killed an orc knight
 14293 | Bailey   | Found a burning altar of Makhleb.
 14490 | D:11     | Offered knowledge of Olgreb's Toxic Radiance by Vehumet.
 14602 | D:11     | Noticed a two-headed ogre
 14604 | D:11     | Killed a two-headed ogre
 14617 | D:11     | Killed a boulder beetle
 15363 | D:10     | Found a sparkling altar of Nemelex Xobeh.
 15475 | D:9      | Reached skill level 5 in Earth Magic
 15580 | D:9      | Noticed Joseph
 15580 | D:9      | Noticed Pikel
 15638 | D:10     | Upgraded the game from 0.27-a0-1046-g98bf31544f to
                  | 0.27-a0-1071-ga85bd9520d
 15809 | D:11     | Noticed a two-headed ogre
 15814 | D:11     | Killed a two-headed ogre
 15916 | D:11     | Killed a two-headed ogre
 15917 | D:11     | Reached XP level 12. HP: 66/66 MP: 19/31
 16262 | D:11     | Upgraded the game from 0.27-a0-1071-ga85bd9520d to
                  | 0.28-a0-991-g956f0ee3d5
 16664 | D:9      | Noticed a four-headed hydra
 16672 | D:9      | Killed a four-headed hydra
 16674 | D:9      | Noticed a centaur warrior
 17474 | D:9      | Found a transporter.
 17478 | D:9      | Noticed a two-headed ogre
 17478 | D:9      | Killed Pikel
 17483 | D:9      | Killed a two-headed ogre
 17908 | D:9      | Noticed Lanoc's ghost (novice SpBe)
 18191 | D:9      | Found a transporter.
 18279 | D:9      | Noticed an eight-headed hydra
 18342 | D:9      | Identified the +1 bardiche "Razyux" {protect, Stlth+}
 18353 | D:9      | Killed a boulder beetle
 18354 | D:9      | Reached skill level 1 in Shields
 18681 | D:9      | Noticed a two-headed ogre
 18683 | D:9      | Killed a two-headed ogre
 18746 | D:9      | Killed a centaur warrior
 18938 | D:9      | Noticed a two-headed ogre
 18945 | D:9      | Killed a two-headed ogre
 18946 | D:9      | Reached skill level 5 in Fighting
 18953 | D:9      | Killed an eight-headed hydra
 18953 | D:9      | Reached **** piety under Vehumet
 19045 | D:9      | Killed Joseph
 19358 | Lair:1   | Entered Level 1 of the Lair of Beasts
 19365 | Lair:1   | Identified the +0 leather armour "Kytok" {-Cast rC+ Dex+2}
 19794 | Lair:1   | Found a runed translucent door.
 19795 | Lair:1   | Noticed hansi's ghost (journeyman MiBe)
 19820 | Lair:1   | Offered knowledge of Flame Wave by Vehumet.
 19825 | Lair:1   | Reached XP level 13. HP: 73/73 MP: 7/33
 20139 | Lair:1   | Reached skill level 15 in Spellcasting
 21537 | Lair:2   | Found a staircase to the Shoals.
 22832 | Lair:3   | Found a staircase to the Snake Pit.
 23631 | Lair:4   | Reached ***** piety under Vehumet
 23825 | Lair:4   | Identified the +10 plate armour of Cotsas {rElec rPois
                  | rCorr Int-2}
 24041 | Lair:4   | Offered knowledge of Lightning Bolt by Vehumet.
 25646 | Lair:5   | Reached skill level 5 in Dodging
 26309 | Lair:6   | Entered Level 6 of the Lair of Beasts
 26619 | Lair:6   | Reached XP level 14. HP: 80/80 MP: 33/36
 26888 | Lair:6   | Identified the +0 ring mail of Cheibriados's Reproof {rCorr
                  | Stlth+}
 26908 | Lair:6   | Found a dark tunnel.
 26926 | Volcano  | Entered a volcano
 27899 | Lair:6   | Found a staircase to the Slime Pits.
 28658 | Lair:6   | Offered knowledge of Iskenderun's Battlesphere by Vehumet.
 28788 | Lair:6   | Learned a level 5 spell: Iskenderun's Battlesphere
 29282 | D:9      | Killed Harold
 30426 | D:12     | Found a staircase to the Orcish Mines.
 31061 | Orc:1    | Entered Level 1 of the Orcish Mines
 31972 | Orc:1    | Noticed an orc warlord
 31976 | Orc:1    | Killed an orc warlord
 31976 | Orc:1    | Offered knowledge of Freezing Cloud by Vehumet.
 32396 | Orc:2    | Entered Level 2 of the Orcish Mines
 32396 | Orc:2    | Noticed Snorg
 32535 | Orc:2    | Killed Snorg
 32735 | Orc:2    | Reached skill level 15 in Conjurations
 32738 | Orc:2    | Found a staircase to the Elven Halls.
 33017 | Orc:2    | Reached XP level 15. HP: 88/88 MP: 30/38
 33190 | Orc:2    | Reached skill level 15 in Fire Magic
 33195 | Orc:2    | Found Sykar's Antique Weapon Emporium.
 33195 | Orc:2    | Found Galer's Weapon Shop.
 33197 | Orc:2    | Found Fogust's General Store.
 33197 | Orc:2    | Found Ycrewnaf's Magic Scroll Shop.
 33216 | Orc:2    | Bought a scroll of identify for 24 gold pieces
 33216 | Orc:2    | Bought a scroll of fog for 24 gold pieces
 33216 | Orc:2    | Bought a scroll of fear for 42 gold pieces
 33221 | Orc:2    | Bought a scroll of blinking for 90 gold pieces
 33221 | Orc:2    | Bought a scroll of blinking for 90 gold pieces
 33227 | Orc:2    | Bought a scroll of identify for 24 gold pieces
 33228 | Orc:2    | Identified a scroll of acquirement
 33836 | D:13     | Found Voaw's Jewellery Shoppe.
 33869 | D:13     | Offered knowledge of Iron Shot by Vehumet.
 34366 | D:13     | Bought the ring "Fegiq" {+Blink rC++ rCorr EV+4 Stlth-} for
                  | 1362 gold pieces
 34366 | D:13     | Bought an amulet of magic regeneration for 570 gold pieces
 34379 | D:13     | Bought a ring of poison resistance for 380 gold pieces
 34571 | D:13     | Found a transporter.
 34606 | D:13     | Noticed Megustar's ghost (journeyman DEFE)
 34610 | D:13     | Found a transporter.
 34695 | D:13     | Found a gate to the Vaults.
 34716 | D:13     | Found Jabberch's Armour Shop.
 34727 | D:13     | Found Furu's Magic Scroll Emporium.
 34788 | D:13     | Found Juycunac's Armour Shop.
 34793 | D:13     | Bought a +2 cloak of willpower for 279 gold pieces
 34793 | D:13     | Bought a +1 pair of gloves for 149 gold pieces
 35073 | D:13     | Bought a pair of runed boots for 187 gold pieces
 36045 | D:15     | Entered Level 15 of the Dungeon
 36265 | D:15     | Found a runed translucent gate.
 36265 | D:15     | Found a runed translucent gate.
 36265 | D:15     | Found a runed translucent gate.
 36268 | D:15     | Noticed EtherCrawl's ghost (adept KoEn)
 36431 | D:15     | Reached skill level 10 in Dodging
 36684 | D:15     | Found a staircase to the Depths.
 37027 | D:15     | Noticed a rockslime
 37107 | D:15     | Found a viscous altar of Jiyva.
 37530 | Shoals:1 | Entered Level 1 of the Shoals
 37542 | Shoals:1 | Offered knowledge of Starburst by Vehumet.
 37612 | Lair:2   | Acquired Topotin's Grimoire of the Blaze
 37626 | Lair:2   | Learned a level 8 spell: Ignition
 37858 | Shoals:1 | Found a transporter.
 37933 | Shoals:1 | Found a transporter.
 37951 | Shoals:1 | Found Peki's Jewellery Shoppe.
 37960 | Shoals:1 | Reached XP level 16. HP: 96/96 MP: 28/40
 38097 | Shoals:1 | Found a transporter.
 38099 | Shoals:1 | Found a transporter.
 38105 | Shoals:1 | Found a transporter.
 38107 | Shoals:1 | Found a transporter.
 38553 | Shoals:2 | Noticed Polyphemus
 38556 | Shoals:2 | Killed Polyphemus
 38816 | Shoals:2 | Reached skill level 10 in Fighting
 39070 | Shoals:2 | Noticed a kraken
 39542 | Shoals:3 | Reached ****** piety under Vehumet
 39946 | Shoals:4 | Entered Level 4 of the Shoals
 39960 | Shoals:4 | Offered knowledge of Conjure Ball Lightning by Vehumet.
 40029 | Shoals:4 | Noticed Mara
 40168 | Snake:1  | Entered Level 1 of the Snake Pit
 40392 | Snake:1  | Reached XP level 17. HP: 102/102 MP: 28/43
 40968 | Snake:2  | Found a frozen archway.
 40977 | IceCv    | Entered an ice cave
 42037 | Snake:2  | Offered knowledge of Eringya's Noxious Bog by Vehumet.
 43748 | Snake:2  | Acquired 908 gold pieces
 43755 | Snake:3  | Found a transporter.
 43876 | Snake:3  | Noticed Muaffaz's ghost (adept HOFi)
 43883 | Snake:3  | Found a transporter.
 44474 | Snake:3  | Found a bloodstained altar of Trog.
 44795 | Snake:4  | Entered Level 4 of the Snake Pit
 44843 | Snake:4  | Noticed Aizul
 44843 | Snake:4  | Noticed Vashnia
 45058 | Snake:4  | Noticed Louise
 45060 | Snake:4  | Noticed Nikola
 45062 | Snake:4  | Killed Louise
 45065 | Snake:4  | Killed Nikola
 45073 | Snake:4  | Killed Aizul
 45234 | Snake:4  | Killed Vashnia
 45235 | Snake:4  | Reached XP level 18. HP: 87/107 MP: 31/45
 45666 | Snake:4  | Offered knowledge of Lehudib's Crystal Spear by Vehumet.
 45666 | Snake:4  | Offered knowledge of Shatter by Vehumet.
 45666 | Snake:4  | Offered knowledge of Maxwell's Capacitive Coupling by
                  | Vehumet.
 46031 | Snake:3  | Learned a level 9 spell: Fire Storm
 46351 | Snake:4  | Got a serpentine rune of Zot
 46747 | Snake:4  | Upgraded the game from 0.28-a0-991-g956f0ee3d5 to
                  | 0.28-a0-998-gb9e9c7b67e
 47053 | Vaults:1 | Entered Level 1 of the Vaults
 47058 | Vaults:1 | Found Yrutz's Antique Armour Emporium.
 49421 | Vaults:1 | Reached XP level 19. HP: 73/112 MP: 26/47
 50197 | Vaults:2 | Noticed Xtahua
 50278 | Vaults:2 | Learned a level 8 spell: Lehudib's Crystal Spear
 51800 | Vaults:2 | Killed Xtahua
 53757 | Vaults:3 | Found a staircase to the Crypt.
 54160 | Vaults:3 | Reached XP level 20. HP: 117/117 MP: 43/48
 54546 | Vaults:3 | Found Voanwoas's Jewellery Shoppe.
 55256 | Vaults:4 | Found Apsuni Kica's Assorted Antiques.
 55327 | Vaults:4 | Found a transporter.
 55380 | Vaults:4 | Found a transporter.
 56739 | Vaults:4 | Found a portal to a secret trove of treasure.
 57065 | Vaults:4 | You paid a toll of +2 storm dragon scales to enter a
                  | treasure trove
 57066 | Trove    | Entered a treasure trove
 57073 | Trove    | Identified the +5 flail "Plog" {protect, rN+ MP-9 Dex+6}
 57080 | Trove    | Identified the +0 buckler of Submission {rPois}
 57086 | Trove    | Identified the ring "Gerraet" {Ice rN+ rCorr Str+2}
 57099 | Trove    | Identified the +4 scale mail of Xom's Esteem {*Corrode
                  | Int+2 Dex+4 Slay+3}
 57575 | Vaults:4 | Identified the amulet "Sidycurgh" {Regen+ Str+5}
 57595 | Vaults:4 | Identified the ring "Tewniuf" {AC+4 Str+3}
 57605 | Vaults:4 | Identified the amulet of Xoysobb {Fly Will- Regen+ Dex+4}
 58434 | Elf:1    | Entered Level 1 of the Elven Halls
 58434 | Elf:1    | Found a runed translucent gate.
 58434 | Elf:1    | Found a runed translucent gate.
 58434 | Elf:1    | Found a runed translucent gate.
 58434 | Elf:1    | Found a runed translucent gate.
 58434 | Elf:1    | Found a runed translucent gate.
 58434 | Elf:1    | Found a runed translucent gate.
 58436 | Elf:1    | Found a runed translucent door.
 58486 | Elf:1    | Reached skill level 1 in Armour
 58579 | Elf:1    | Found a magical portal.
 58587 | WizLab   | Entered Iskenderun's Mystic Tower
 58599 | WizLab   | Reached XP level 21. HP: 122/122 MP: 24/50
 59749 | WizLab   | Got the Guide on Orientation and Transformation
 60109 | Elf:1    | Found a runed translucent door.
 61167 | Elf:2    | Noticed Azrael
 61169 | Elf:2    | Killed Azrael
 61773 | Elf:2    | Identified the +5 ring mail "Afyna" {Int+4}
 62127 | Elf:2    | Found a runed translucent gate.
 62127 | Elf:2    | Found a runed translucent gate.
 62128 | Elf:2    | Found a runed translucent gate.
 62921 | Elf:2    | Identified the +5 scale mail "Kuecs" {rElec rF++ Dex-3}
 63454 | Shoals:4 | Killed Mara
 63466 | Shoals:4 | Reached skill level 5 in Armour
 63730 | Shoals:4 | Got a barnacled rune of Zot
 64297 | Shoals:4 | Identified the +1 leather armour of Ihey {Harm rF- Will+
                  | Str+8}
 64690 | Vaults:5 | Entered Level 5 of the Vaults
 64701 | Vaults:5 | Reached XP level 22. HP: 128/128 MP: 44/52
 64702 | Vaults:5 | Noticed a dread lich
 64704 | Vaults:5 | Killed a dread lich
 64707 | Vaults:5 | Killed an ancient lich
 64730 | Vaults:5 | Noticed an ancient lich
 64732 | Vaults:5 | Killed an ancient lich
 64734 | Vaults:5 | Identified the ring of Viostrup {rElec rPois rF++ rC- MP+9}
 64760 | Vaults:5 | Noticed an ancient lich
 64763 | Vaults:5 | Killed an ancient lich
 64777 | Vaults:5 | Noticed a golden dragon
 64780 | Vaults:5 | Killed a golden dragon
 65157 | Vaults:5 | Identified the +8 chain mail of Eternal Night {-Tele Str-2
                  | Dex+9 SInv}
 65209 | Vaults:5 | Identified the +6 long sword of Summer {venom, Fly}
 65209 | Vaults:5 | Identified the +5 shortbow of Eternity {vorpal, rN+}
 65401 | Vaults:5 | Got a silver rune of Zot
 65469 | Vaults:5 | Found the amulet of Vitality {Regen+ HP+15}
 65811 | Vaults:5 | Identified the +1 ring mail of the Comet {+Inv rPois
                  | Stlth+}
 66058 | Vaults:5 | Reached skill level 10 in Earth Magic
 66526 | Vaults:5 | Identified the +2 dire flail of the Mind {speed, Will+
                  | rCorr}
 66575 | Vaults:5 | Identified the +8 long sword of Harmony {flame, rC- Str+4
                  | Int+2}
 66623 | Vaults:5 | Identified the +4 glaive of Honour {vorpal, rF++ Dex+5}
 66902 | Depths:1 | Entered Level 1 of the Depths
 67127 | Depths:1 | Noticed Bai Suzhen
 67132 | Depths:1 | Killed Bai Suzhen
 67164 | Depths:1 | Noticed Asterion
 67170 | Depths:1 | Killed Asterion
 67171 | Depths:1 | Reached XP level 23. HP: 122/135 MP: 25/54
 67388 | Depths:1 | Found a gateway to Hell.
 67660 | Depths:1 | Found Dumur's Firing Range.
 68108 | Depths:1 | Acquired 738 gold pieces
 69204 | Depths:2 | Found a basalt altar of Yredelemnul.
 69480 | Depths:2 | Identified the +5 chain mail "Idockusm" {-Tele rPois Str+9
                  | Dex-5}
 69626 | Depths:2 | Found a one-way gate leading to the halls of Pandemonium.
 71101 | Depths:3 | Identified the +4 trident of Wyrel {freeze, rPois SInv
                  | Stlth-}
 71139 | Depths:3 | Found a one-way gate to the infinite horrors of the Abyss.
 71715 | Depths:3 | Identified the +5 flail of Xumimm {drain, rF+ rN+}
 71821 | Depths:4 | Found Kocy's General Store.
 72320 | Depths:4 | Noticed Mennas
 72322 | Depths:4 | Reached skill level 10 in Armour
 72322 | Depths:4 | Killed Mennas
 72999 | Depths:4 | Reached XP level 24. HP: 142/142 MP: 54/54
 73012 | Depths:4 | Noticed an ancient lich
 73014 | Depths:4 | Killed an ancient lich
 73043 | Depths:4 | Noticed a juggernaut
 73045 | Depths:4 | Killed a juggernaut
 73450 | Depths:4 | Reached skill level 15 in Dodging
 73824 | Depths:4 | Identified the +1 rapier of Invincibility {spect, SInv}
                  | (You took it off a spriggan on level 4 of the Depths)
 74046 | Depths:4 | Found a gate to the Realm of Zot.
 74299 | Depths:5 | Entered Level 5 of the Depths
 74829 | Depths:5 | Noticed a juggernaut
 75110 | Depths:5 | Reached skill level 5 in Shields
 75336 | Depths:5 | Killed a juggernaut
 75337 | Depths:5 | Reached XP level 25. HP: 150/150 MP: 39/55
 75656 | Depths:5 | Identified the amulet of Tuutuc {RegenMP rPois rF+}
 76330 | Depths:5 | Identified the +0 chain mail "Othrull" {Str+3 Dex+3}
 76560 | Depths:5 | Found a hide-covered altar of Uskayaw.
 76711 | Depths:5 | Found a gateway to a ziggurat.
 76979 | Depths:5 | Reached skill level 27 in Spellcasting
 77268 | Depths:5 | Identified the +3 ring mail of Xom's Anger {-Tele Fly rF+++
                  | rC+}
 77327 | Depths:5 | Identified the +8 chain mail of Chill Winds {Harm rElec
                  | rN++ Int-2}
 77472 | Zot:1    | Entered Level 1 of the Realm of Zot
 78074 | Zot:1    | You fall into a shaft and drop 1 floor!
 78089 | Zot:2    | Noticed an orb of fire
 78093 | Zot:2    | Killed an orb of fire
 78154 | Zot:1    | Noticed an orb of fire
 78163 | Zot:1    | Killed an orb of fire
 78174 | Zot:1    | Identified the ring "Qakouhi" {Dex+4 Slay+4 Stlth-}
 79799 | D:13     | Bought a scroll of enchant armour for 135 gold pieces
 79799 | D:13     | Bought a scroll of enchant armour for 135 gold pieces
 79799 | D:13     | Bought a scroll of enchant armour for 135 gold pieces
 79951 | Vaults:4 | Bought a scroll of blinking for 157 gold pieces
 79951 | Vaults:4 | Bought a scroll of enchant armour for 157 gold pieces
 80762 | Zot:3    | Reached XP level 26. HP: 160/160 MP: 41/56
 81399 | Zot:3    | Found a glowing golden altar of the Shining One.
 82942 | Zot:4    | Reached skill level 15 in Fighting
 84187 | Zot:4    | Reached skill level 27 in Conjurations
 84489 | Zot:5    | Entered Level 5 of the Realm of Zot
 84805 | Zot:5    | Reached skill level 27 in Fire Magic
 84889 | Zot:5    | Noticed a dread lich
 84891 | Zot:5    | Reached skill level 10 in Shields
 84891 | Zot:5    | Killed a dread lich
 84891 | Zot:5    | Noticed an ancient lich
 84891 | Zot:5    | Noticed an orb of fire
 84892 | Zot:5    | Killed an ancient lich
 84897 | Zot:5    | Killed an orb of fire
 84969 | Zot:5    | Noticed an orb of fire
 84973 | Zot:5    | Killed an orb of fire
 84975 | Zot:5    | Reached XP level 27. HP: 168/168 MP: 40/56
 84989 | Zot:5    | Noticed an orb of fire
 85004 | Zot:5    | Gained mutation: You sometimes lose the ability to read
                  | scrolls when taking damage. [an orb of fire]
 85006 | Zot:5    | Gained mutation: You are clumsy. (Dex -2) [an orb of fire]
 85008 | Zot:5    | Killed an orb of fire
 85149 | Zot:4    | Lost mutation: You sometimes lose the ability to read
                  | scrolls when taking damage. [potion of mutation]
 85149 | Zot:4    | Lost mutation: You are clumsy. (Dex -2) [potion of
                  | mutation]
 85149 | Zot:4    | Gained mutation: You possess an exceptional clarity of
                  | mind. [potion of mutation]
 85417 | Zot:5    | Killed an ancient lich
 85635 | Zot:5    | Noticed a dread lich
 85641 | Zot:5    | Killed a dread lich
 86056 | Zot:5    | Noticed a dread lich
 86058 | Zot:5    | Killed a dread lich
 86303 | Zot:5    | Noticed an orb of fire
 86307 | Zot:5    | Gained mutation: You are frail. (-10% HP) [an orb of fire]
 86313 | Zot:5    | Killed an orb of fire
 86439 | Zot:5    | Lost mutation: You possess an exceptional clarity of mind.
                  | [potion of mutation]
 86439 | Zot:5    | Lost mutation: You are frail. (-10% HP) [potion of
                  | mutation]
 86439 | Zot:5    | Gained mutation: Your mind is acute. (Int +2) [potion of
                  | mutation]
 86776 | Zot:5    | Identified the +2 ring mail "Qanyvac" {Harm rC+ MP+9 Str+2}
 86851 | Zot:5    | Got the Orb of Zot
 86929 | Zot:3    | Noticed Ygoiqi the pandemonium lord
 86934 | Zot:3    | Killed Ygoiqi the pandemonium lord
 86956 | Zot:3    | Noticed a seraph
 87253 | D:10     | Noticed Bidghuc the pandemonium lord
 87643 | D:$      | Escaped with the Orb!

Illustrated notes

Levels and vault maps discovered:
D:1:      dpeg_arrival_round_c, layout_basic, serial_bayou_pond_c,
          minmay_misc_feat_five, st_stairs_4
D:2:      layout_basic
D:3:      layout_loops_corners
D:4:      layout_loops_ring, gammafunk_ghost_necromancy
D:5:      layout_loops_cross, nicolae_elyvilon_peaceful_grove,
          chequers_temple_overflow_minitemple, minmay_temple_entry_waves,
          gup_sewer_entry_bubbles, hangedman_abyss_or_decor_lesser_grid,
          uniq_crazy_yiuf_cottage, uniq_duvessa
D:6:      layout_loops_ring, serial_bayou_pond_c, uniq_sigmund
D:7:      layout_basic, enter_ossuary_4, gammafunk_ghost_nasty_kobolds
D:8:      layout_rooms, trog_book, lair_entry_dummy, gammafunk_ghost_endoplasm,
          nicolae_straight_to_the_point, uniq_maggie, uniq_grum
D:9:      minmay_the_grid_square_5x5_4x4 [minmay_the_grid_square_5x5_mess,
          minmay_the_grid_square_5x5_six, minmay_the_grid_square_5x5_shuriken,
          minmay_the_grid_square_5x5_misaligned,
          minmay_the_grid_square_5x5_inverted_slash,
          minmay_the_grid_square_5x5_prize_monsterx,
          minmay_the_grid_square_5x5_prize_pseudospiral,
          minmay_the_grid_square_5x5_z,
          minmay_the_grid_square_5x5_half_checkered,
          minmay_the_grid_square_5x5_prize_gold,
          minmay_the_grid_square_5x5_prize_junk,
          minmay_the_grid_square_5x5_eight, minmay_the_grid_square_5x5_detours,
          minmay_the_grid_square_5x5_minimal,
          minmay_the_grid_square_5x5_two_walls_b,
          minmay_the_grid_square_5x5_bite], layout_basic, gammafunk_ghost_arena,
          kennysheep_generic_room_3, uniq_joseph, uniq_pikel, uniq_harold
D:10:     layout_irregular_city, lemuel_round_altar, serial_rivers,
          chequers_serial_rivers_room_a, chequers_serial_rivers_marsh,
          chequers_serial_rivers_micro_c, chequers_serial_rivers_marsh,
          nicolae_sextant, kennysheep_nondescript
D:11:     layout_loops_ring, enter_bailey_5
D:12:     layout_loops_ring, hiddenorc2_lemuel, hangedman_decor_riveting
D:13:     layout_cave_pools, hangedman_vaults_entry_quadrant_bands,
          gammafunk_ghost_mausoleum, serial_shops, shop, kennysheep_little_box,
          shop_statue, shop_scrolls, shop_statue
D:14:     layout_cave_pools, amcnicky_mini_pool_small, minmay_statues_item
D:15:     grunt_enter_depths_giant_problem, layout_gridville,
          minmay_misc_feat_tiny, gammafunk_ghost_ooze
Temple:   minmay_temple_curvy_branch
Lair:1:   layout_long_grid, gammafunk_ghost_grave
Lair:2:   layout_concentric_octagons, minmay_shoals_entry_lonely_mermaid,
          grunt_megastairs_3
Lair:3:   layout_gridlike, minmay_snake_entry_guardpost_large,
          nicolae_lair_liquid_snakes
Lair:4:   layout_gridlike, nzn_sisyphean_effort
Lair:5:   layout_small_grid, serial_bayou_shore_b
Lair:6:   evilmike_catoblepas_cave, layout_regular_city,
          minmay_slime_entry_jelly_boxes, lightli_volcano_entry_magma_tube
Shoals:1: cheibrodos_shoals_baths, layout_shoals,
          minmay_shop_enchanted_jewellery, serial_nicolae_subway,
          nicolae_sub_station_stone, nicolae_sub_station_crystal,
          nicolae_sub_station_metal
Shoals:2: layout_shoals, nicolae_shoals_arrival_archipelago, uniq_polyphemus
Shoals:3: layout_shoals, nicolae_shoals_circle_sea_wall
Shoals:4: shoals_end_grunt_garden, layout_shoals, uniq_mara
Snake:1:  layout_misc_corridors, grunt_megastairs_4
Snake:2:  layout_layer_cave, portal_ice_cave_entry_ice_statue_one
Snake:3:  layout_gridlike, gammafunk_ghost_wrathful_warriors
Snake:4:  hellmonk_snake_rune_quicksilver_temple, layout_rooms,
          beargit_elvish_explorers, uniq_vashnia, uniq_aizul, uniq_louise,
          uniq_nikola
Orc:1:    layout_diamond_mine, rock_pile
Orc:2:    grunt_orc_tribal_feast, layout_caves, uniq_snorg
Elf:1:    nicolae_elf_arrival_dilemma, layout_geoelf_grid,
          infiniplex_enter_wizlab_spiral, minmay_elf_crystal_heptagon,
          hangedman_elf_targetted_burst
Elf:2:    nicolae_elf_blades_splatter_lattice
          [nicolae_blade_entry_crossed_weapons], layout_loops_cross,
          lemuel_upstairs_altar, uniq_azrael
Vaults:1: st_octagons_1, nicolae_vaults_puzzle_piece,
          ontoclasm_vaults_claustrophobia, hangedman_vaults_maws, v_pattern_1,
          nicolae_vaults_little_squares_6, v_misc_10, vaults_room_grid,
          layout_vaults_chaotic_city, serial_shops, nicolae_shop_stone
Vaults:2: nicolae_vaults_network_square, nicolae_vaults_network_star,
          vaults_standard_mumra_lines, special_room_vaults [special_room_orc],
          vaults_room_octagon, vaults_dpeg_hooks,
          nicolae_vaults_little_squares_4, hangedman_vaults_nodes, v_pattern_4,
          v_misc_1, ontoclasm_vaults_gateway, vaults_room_pools,
          vaults_dpeg_encased_lava, ontoclasm_vaults_decontamination,
          layout_vaults_omnigrid, uniq_xtahua
Vaults:3: blue_anna_dwarven_crypt, dpeg_vaults_monster_row, vaults_mumra_lcd,
          ontoclasm_vaults_ring_square, nicolae_vaults_windows_and_doors_thing,
          hangedman_vaults_stagger, vaults_mumra_minichess_inversion,
          hangedman_vaults_river_flow, v_rooms_1, nicolae_vaults_rhombus_6,
          vaults_room_guarded_vault, v_alt_pattern_4,
          nicolae_vaults_little_squares_1, layout_vaults_big_cross,
          serial_shops, shop_coins
Vaults:4: v_misc_22, nicolae_vaults_mini_display_case, v_misc_29,
          gammafunk_dig_for_victory, v_alt_pattern_6, ontoclasm_vaults_hangar,
          vaults_room_octagon, ontoclasm_vaults_chip, v_misc_16,
          ontoclasm_vaults_chip, vaults_room_door_hall, vaults_room_ringed_pool,
          layout_vaults_maze, serial_shops, shop, trove_entry_hex_spiral
Vaults:5: uniq_margery
Depths:1: layout_twisted_cross, kennysheep_cross_bottleneck, hell_entry,
          glass_columns_a, kennysheep_decorative_pillar, kennysheep_nub,
          nicolae_shop_firing_range, uniq_bai_suzhen, uniq_asterion
Depths:2: hangedman_cross_stitches, layout_long_grid, pf_hell_entry_great_geh,
          grunt_pan_entry_in_and_out, yredelemnul_altar_generic,
          marbit_kobold_abyss_entry, infiniplex_staircase_zigzag_4
Depths:3: dpeg_oklob_gauntlet, layout_gridville,
          nicolae_abyss_entry_one_way_or_another, hell_entry,
          infiniplex_staircase_pool_lava, due_unseen_surprise,
          grunt_megastairs_5
Depths:4: grunt_bent_corner, layout_cave_shapes, grunt_zot_entry_bicorn,
          wad_floor_pattern_2, hell_entry, nicolae_stop_n_shop_2,
          minmay_alternating_orb, serial_bayou_shore_b, uniq_mennas
Depths:5: lemuel_castle_with_subvaults [lemuel_castle_interior_original],
          layout_basic, enter_ziggurat_e, nicolae_uskayaw_en_pointe, hell_entry,
          minmay_room_of_horrors, hangedman_decor_points, grunt_ministairs_6
Zot:1:    layout_onion, grunt_megastairs_2
Zot:2:    layout_misc_corridors
Zot:3:    nicolae_zot_draconian_monastery, layout_basic
Zot:4:    layout_onion_interference, hangedman_snake_sidewinding
Zot:5:    layout_gridlike

Skill      XL: |  1  2  3  4  5  6  7  8  9 10 11 12 13 14 15 16 17 18 19 20 21 22 23 24 25 26 27 |
---------------+----------------------------------------------------------------------------------+-----
Conjurations   | 2 3 4 5 6 8 9 11 13 14 15 16 17 19 20 22 23 24 25 26 27 | 27.0
Spellcasting   | 4 5 7 9 10 12 13 14 16 17 18 20 21 22 23 24 25 26 27 | 27.0
Fire Magic     | 4 5 6 7 9 10 11 12 13 14 15 17 19 20 22 23 24 25 26 27 | 27.0
Earth Magic    | 2 5 7 8 10 13 | 13.9
Fighting       | 1 4 5 6 8 9 10 11 12 13 14 15 17 | 17.1
Shields        | 2 3 4 5 8 10 12 | 12.4
Dodging        | 5 8 10 11 12 14 15 | 15.0
Armour         | 1 5 8 10 | 10.5
Stealth        | |  2.4

Action                   |  1- 3 |  4- 6 |  7- 9 | 10-12 | 13-15 | 16-18 | 19-21 | 22-24 | 25-27 || total
-------------------------+-------+-------+-------+-------+-------+-------+-------+-------+-------++-------
Melee: Whip              |       |     1 |       |       |       |       |       |       |       ||     1
       Staff             |       |       |       |       |     5 |     2 |       |       |       ||     7
Throw: Dart              |       |       |       |     6 |     4 |       |     1 |       |     1 ||    12
 Cast: Foxfire           |    61 |   108 |   196 |    50 |   155 |    15 |    24 |       |       ||   609
       Searing Ray       |       |     6 |     6 |    16 |     1 |       |       |       |       ||    29
       Conjure Flame     |       |     4 |     9 |     5 |       |       |       |       |       ||    18
       Fireball          |       |       |    32 |   182 |   375 |   403 |   232 |    15 |       ||  1239
       Iskenderun's Myst |       |       |       |    14 |    24 |     4 |    15 |     8 |    16 ||    81
       Bolt of Magma     |       |       |       |     8 |    41 |    49 |     8 |       |       ||   106
       Sticky Flame      |       |       |       |     3 |       |       |       |       |       ||     3
       Iskenderun's Batt |       |       |       |       |    45 |    76 |   172 |     7 |     1 ||   301
       Ignition          |       |       |       |       |     9 |    55 |    67 |     3 |       ||   134
       Fire Storm        |       |       |       |       |       |       |   122 |   333 |   400 ||   855
       Lehudib's Crystal |       |       |       |       |       |       |     3 |     2 |     9 ||    14
Evoke: Wand              |       |       |       |     3 |       |       |     4 |       |     1 ||     8
  Use: Scroll            |       |       |     4 |     7 |    17 |     5 |     7 |     3 |     9 ||    52
       Potion            |       |       |       |     6 |     1 |       |     4 |     6 |     5 ||    22
Armor: Robe              |     4 |    17 |     1 |       |    25 |     9 |       |       |       ||    56
       Leather armour    |       |       |     3 |       |       |       |       |       |       ||     3
       Steam dragon scal |       |       |       |    14 |     1 |       |       |       |       ||    15
       Quicksilver drago |       |       |       |       |       |       |     9 |    19 |    29 ||    57
Dodge: Dodged            |     9 |    21 |    17 |    38 |    57 |    40 |    26 |    10 |    42 ||   260
Block: Buckler           |       |       |       |     3 |    46 |    22 |     1 |     5 |     7 ||    84
       Reflection        |       |       |       |     2 |     9 |       |       |       |       ||    11
       Other             |       |       |       |     1 |       |       |       |       |       ||     1
       Kite shield       |       |       |       |       |       |       |       |       |    15 ||    15

Table legend: (Time is in decaauts)
 A = Elapsed time spent in this place.
 B = Non-inter-level travel time spent in this place.
 C = Inter-level travel time spent in this place.
 D = Time resting spent in this place.
 E = Time spent auto-exploring this place.
 F = Levels seen in this place.
 G = Mean time per level.
                   A        B        C        D        E       F      G
               +--------+--------+--------+--------+--------+-----+--------+
         Total |  88015 |  80972 |   7043 |  26445 |  34414 |  55 | 1600.3 |
       Dungeon |  25546 |  23192 |   2354 |   8290 |   9896 |  15 | 1703.1 |
        Temple |    270 |    270 |      0 |      0 |    265 |   1 |  270.0 |
          Lair |   9912 |   9148 |    764 |   3199 |   2744 |   6 | 1652.0 |
        Shoals |   3832 |   3469 |    363 |    302 |   2630 |   4 |  958.0 |
     Snake Pit |   5994 |   5495 |    499 |   1298 |   3139 |   4 | 1498.5 |
  Orcish Mines |   2828 |   2660 |    168 |    837 |   1098 |   2 | 1414.0 |
   Elven Halls |   3553 |   3486 |     67 |   1286 |   1459 |   2 | 1776.5 |
        Vaults |  13039 |  11719 |   1320 |   2822 |   3817 |   5 | 2607.8 |
        Depths |  11293 |  10355 |    938 |   4208 |   4895 |   5 | 2258.6 |
           Zot |   8537 |   7969 |    568 |   2340 |   4373 |   5 | 1707.4 |
         Trove |    105 |    105 |      0 |      0 |      0 |   1 |  105.0 |
       Ossuary |     12 |     12 |      0 |      0 |      0 |   1 |   12.0 |
        Bailey |    436 |    436 |      0 |    232 |     29 |   1 |  436.0 |
      Ice Cave |    996 |    996 |      0 |    599 |      0 |   1 |  996.0 |
       Volcano |    420 |    420 |      0 |    184 |     67 |   1 |  420.0 |
        Wizlab |   1234 |   1234 |      0 |    847 |      0 |   1 | 1234.0 |
               +--------+--------+--------+--------+--------+-----+--------+

Top non-repeatable levels by time:
    D:10: 3909 daAuts
Depths:4: 3770 daAuts
Vaults:2: 3173 daAuts
Vaults:1: 2937 daAuts
Vaults:4: 2593 daAuts
   Zot:3: 2496 daAuts
     D:9: 2383 daAuts
Vaults:3: 2372 daAuts
Depths:5: 2288 daAuts
   Zot:5: 2284 daAuts
   Elf:2: 2184 daAuts
Depths:2: 1998 daAuts
Vaults:5: 1962 daAuts
     D:7: 1941 daAuts
    D:12: 1939 daAuts
